 Dungeon Crawl Stone Soup version 0.28-a0-503-g83f2989fac (webtiles) character file.

Game seed: 22290599796851136

5604 loadgator530 the Grappler (level 10, -4/92 HPs)
             Began as a Troll Berserker on Nov 4, 2020.
             Was a High Priest of Trog.
             Killed from afar by a tengu conjurer (26 damage)
             ... with a bolt of lightning
             ... led by a tengu conjurer
             ... on level 8 of the Dungeon on Sept 20, 2021.
             The game lasted 00:14:29 (6294 turns).

loadgator530 the Grappler (Troll Berserker)         Turns: 6294, Time: 00:14:30

Health: -4/92      AC:  6    Str: 30    XL:     10   Next: 45%
Magic:  9/9        EV: 11    Int:  3    God:    Trog [*****.]
Gold:   553        SH:  0    Dex:  9    Spells: 9/9 levels left

rFire   . . .      SeeInvis .     - Unarmed
rCold   . . .      Faith    .   (no shield)
rNeg    + . .      Spirit   .   a - +0 animal skin
rPois   .          Reflect  .   (helmet restricted)
rElec   .          Harm     .   t - scarf {+Inv}
rCorr   .          Rampage  .   (gloves unavailable)
Will    ++...                   (boots unavailable)
Stlth   ++........              (no amulet)
HPRegen 2.25/turn               c - ring of positive energy
MPRegen 0.11/turn               (no ring)

@: strong-willed, regenerating
A: large, unfitting armour, claws 3, regeneration 1, shaggy fur 1, tough skin 3
a: Renounce Religion, Evoke Invisibility, Berserk, Trog's Hand, Brothers in Arms


You were on level 8 of the Dungeon.
You worshipped Trog.
Trog was extremely pleased with you.
You visited 1 branch of the dungeon, and saw 8 of its levels.
You also visited: Sewer.

You collected 553 gold pieces.

Inventory:

Hand Weapons
 w - a +1 scimitar of flaming
Missiles
 u - 4 throwing nets
Armour
 a - a +0 animal skin (worn)
 j - a +0 cloak
 t - a scarf of invisibility (worn)
Jewellery
 c - a ring of positive energy (left claw)
 p - a ring of willpower
Wands
 b - a wand of paralysis (12)
 i - a wand of polymorph (6) (quivered)
 l - a wand of removedness (20)
 m - a wand of acid (8)
 o - a wand of flame (9)
Scrolls
 d - 3 scrolls of removedness
 g - a scroll of fog
 s - a scroll of teleportation
 x - a scroll of brand weapon {unknown}
Potions
 e - 4 potions of flight
 f - 3 potions of mutation
 h - 5 potions of heal wounds
 k - 3 potions of haste
 n - a potion of curing
 q - 3 potions of lignification
 r - a potion of magic
 v - a potion of brilliance {unknown}


   Skills:
 + Level 4.1 Fighting
 + Level 6.0 Dodging
 + Level 3.3 Stealth
 + Level 12.5 Unarmed Combat


You had 9 spell levels left.
You didn't know any spells.
Your spell library was empty.

Dungeon Overview and Level Annotations

Branches:
Dungeon (8/15)             Temple (0/1) D:5           Sewer (visited)
   Lair: D:8-11

Altars:
Fedhas
Sif Muna
Trog
Uskayaw
Yredelemnul
The Shining One


Innate Abilities, Weirdness & Mutations

You are too large for most types of armour.
You have claws for hands.
Your natural rate of healing is unusually fast.
You are covered in fur. (AC +1)
You have extremely tough skin. (AC +3)


Message History

You now have 505 gold pieces (gained 14).
You see here a +0 war axe.
Found 22 arrows.
You now have 524 gold pieces (gained 19).
Found an escape hatch in the ceiling.
Found a stone staircase leading down.
You now have 544 gold pieces (gained 20).
You now have 553 gold pieces (gained 9).
A tengu conjurer comes into view.
A tengu conjurer is nearby!
A tengu conjurer is nearby!
A tengu conjurer is nearby!
A tengu conjurer comes into view.
The tengu conjurer gestures at you while chanting.
The bolt of lightning hits you!!
The tengu conjurer mumbles some strange words.
The tengu conjurer blinks!
You see here a scroll of blinking.
You closely miss the tengu conjurer.
The tengu conjurer casts a spell at you.
The bolt of lightning hits you!!
You scratch the tengu conjurer.
The tengu conjurer is lightly wounded.
The tengu conjurer points at you and mumbles some strange words.
The bolt of lightning hits you!!
* * * LOW HITPOINT WARNING * * *
You are too injured to fight recklessly!
You are too injured to fight recklessly!
You are too injured to fight recklessly!
Your ogre goes berserk!
The tengu conjurer hits you.
* * * LOW HITPOINT WARNING * * *
The tengu conjurer barely misses you. x2
Your skin crawls.
You feel strong-willed.
Your ogre misses the tengu conjurer.
The tengu conjurer casts a spell.
The tengu conjurer blinks!
The tengu conjurer points at you and mumbles some strange words.
The bolt of lightning hits you!!
You die...

....<....# .........#
#.###... .........+
#......# (........#
#......# .........#
#......# .........#
#......# .
.....########......##...
.....# #<.!...O.§.Q..
.....# #.....@Q......
≈....######....$..$.....
.....................###
.................#####
...............(.#
............$....#
###########......#
#......# ########


You could see 2 tengu conjurers and a friendly ogre (summoned, berserk).

Vanquished Creatures
  Harold (D:8)
  Erica (D:8)
  An oklob plant (D:4)
  A hornet (D:8)
  Grinder (D:6)
  Sigmund (D:2)
  A shadow (D:8)
  A wyvern (D:8)
  A hornet zombie (D:7)
  3 necrophages
  An ice beast (D:5)
  2 ogres (D:5)
  3 centaurs
  2 kobold brigands
  Blork the orc (D:6)
  A bullfrog (D:6)
  A scorpion (D:7)
  11 wights
  3 bullfrog zombies
  A jelly (D:5)
  3 human zombies (D:7)
  Crazy Yiuf (D:4)
  An orc priest (D:5)
  4 hounds
  An orc wizard (D:5)
  Ijyb (D:3)
  A human skeleton (D:7)
  A removed worker ant (D:4)
  A hound zombie (D:7)
  3 mummies (D:7)
  3 gnolls (D:7)
  12 adders
  A river rat (Sewer)
  A shadow imp (D:5)
  5 white imps
  An ufetubus (D:5)
  4 endoplasms
  2 adder skeletons
  2 worms (D:2)
  An orc (D:5)
  9 removed leopard geckos
  4 giant cockroaches
  9 goblins
  9 hobgoblins
  10 jackals
  3 quokkas
  4 ball pythons
  7 bats
  4 frilled lizards
  A giant cockroach zombie (D:5)
  A jackal skeleton (D:6)
  15 kobolds
  An orc zombie (D:7)
  A quokka skeleton (D:5)
  14 rats
179 creatures vanquished.

Vanquished Creatures (collateral kills)
  2 ghosts (D:7)
  An orc warrior (D:7)
  2 ogres (D:7)
  2 orcs (D:7)
7 creatures vanquished.

Vanquished Creatures (others)
  3 fungi (D:4)
  2 plants (D:4)
5 creatures vanquished.

Grand Total: 191 creatures vanquished

Notes
Turn   | Place    | Note
-------+----------+-------------------------------------------
     0 | D:1      | loadgator530 the Troll Berserker began the quest for the
                  | Orb.
     0 | D:1      | Reached XP level 1. HP: 22/22 MP: 0/0
   134 | D:1      | Reached XP level 2. HP: 29/29 MP: 1/1
   220 | D:1      | Upgraded the game from 0.26-a0-737-g4e9f4955e2 to
                  | 0.26-a0-739-gf55cbd344a
   438 | D:1      | Reached ** piety under Trog
   438 | D:1      | Reached XP level 3. HP: 36/36 MP: 2/2
   821 | D:2      | Reached skill level 4 in Unarmed Combat
   833 | D:2      | Reached XP level 4. HP: 43/44 MP: 3/3
   972 | D:2      | Noticed Sigmund
   981 | D:2      | Killed Sigmund
   981 | D:2      | Reached skill level 5 in Unarmed Combat
   981 | D:2      | Reached XP level 5. HP: 52/52 MP: 4/4
  1329 | D:3      | Noticed Ijyb
  1338 | D:3      | Killed Ijyb
  1338 | D:3      | Reached XP level 6. HP: 61/61 MP: 5/5
  1399 | D:3      | Reached *** piety under Trog
  1819 | D:4      | Found a blossoming altar of Fedhas.
  1825 | D:4      | Noticed an oklob plant
  1943 | D:4      | Found a glowing drain.
  1962 | Sewer    | Entered a sewer
  2062 | Sewer    | Reached skill level 6 in Unarmed Combat
  2106 | Sewer    | Found a white marble altar of Elyvilon.
  2208 | D:4      | Found a runed translucent door.
  2209 | D:4      | Noticed Crazy Yiuf
  2501 | D:4      | Found a shimmering blue altar of Sif Muna.
  2762 | D:4      | Killed Crazy Yiuf
  2762 | D:4      | Reached XP level 7. HP: 58/67 MP: 2/6
  2912 | D:4      | Killed an oklob plant
  2912 | D:4      | Reached skill level 1 in Stealth
  2912 | D:4      | Reached skill level 7 in Unarmed Combat
  3069 | D:5      | Entered Level 5 of the Dungeon
  3189 | D:5      | Reached **** piety under Trog
  3257 | D:5      | Reached skill level 8 in Unarmed Combat
  3257 | D:5      | Reached XP level 8. HP: 75/75 MP: 7/7
  3661 | D:5      | Found a staircase to the Ecumenical Temple.
  3990 | D:5      | Reached skill level 9 in Unarmed Combat
  4230 | D:6      | Found a glowing golden altar of the Shining One.
  4622 | D:6      | Noticed Blork the orc
  4627 | D:6      | Killed Blork the orc
  4640 | D:6      | Noticed Grinder
  4650 | D:6      | Killed Grinder
  4650 | D:6      | Reached skill level 5 in Dodging
  4843 | D:6      | Found a hide-covered altar of Uskayaw.
  4956 | D:7      | Upgraded the game from 0.26-a0-739-gf55cbd344a to
                  | 0.28-a0-503-g83f2989fac
  5011 | D:7      | Reached XP level 9. HP: 35/83 MP: 8/8
  5120 | D:7      | Reached skill level 10 in Unarmed Combat
  5339 | D:7      | Found a bloodstained altar of Trog.
  5608 | D:7      | Found a basalt altar of Yredelemnul.
  5637 | D:7      | Reached skill level 11 in Unarmed Combat
  5793 | D:8      | Reached ***** piety under Trog
  5970 | D:8      | Reached XP level 10. HP: 91/92 MP: 9/9
  5999 | D:8      | Noticed Erica
  6010 | D:8      | Killed Erica
  6011 | D:8      | Reached skill level 12 in Unarmed Combat
  6128 | D:8      | Noticed Harold
  6137 | D:8      | Killed Harold
  6294 | D:8      | Killed from afar by a tengu conjurer

Illustrated notes

Levels and vault maps discovered:
D:1:      onia_arrival_handbag, layout_rooms, minmay_misc_feat_five,
          minmay_misc_feat_cross
D:2:      layout_loops_ring, grunt_decor_resistance, uniq_sigmund
D:3:      layout_rooms, minmay_pentomino_pile, uniq_ijyb
D:4:      layout_loops_ring, overflow_temple_1_default, portal_sewer_entry_f,
          tgw_fedhas, uniq_crazy_yiuf_cottage
D:5:      layout_basic, minmay_temple_entry_purple_smoke, minmay_diced_spiral
D:6:      layout_loops_corners, nicolae_tso_swordbearing_angel,
          lemuel_coloured_pillars_altar, hangedman_decor_lopped,
          uniq_blork_the_orc, uniq_grinder
D:7:      layout_basic, lemuel_mausoleum_altar_yredelemnul,
          trog_eyes_of_draining
D:8:      layout_basic, uniq_harold, uniq_erica

Skill      XL: |  1  2  3  4  5  6  7  8  9 10 |
---------------+-------------------------------+-----
Dodging        | 3 4 5 6 |  6.0
Unarmed Combat | 4 5 6 8 9 11 12 | 12.5
Fighting       | 3 4 |  4.1
Stealth        | 1 2 3 |  3.3

Action                   |  1- 3 |  4- 6 |  7- 9 | 10-12 || total
-------------------------+-------+-------+-------+-------++-------
Melee: Unarmed           |    92 |   150 |   244 |    28 ||   514
       Punch             |       |     3 |     7 |       ||    10
Invok: Berserk           |       |     1 |     3 |     1 ||     5
       Trog's Hand       |       |     1 |     1 |     2 ||     4
       Brothers in Arms  |       |       |     2 |     1 ||     3
  Use: Scroll            |       |     8 |     7 |     3 ||    18
 Stab: Sleeping          |     2 |     2 |     4 |       ||     8
Armor: Animal skin       |    40 |    47 |    61 |     2 ||   150
Dodge: Dodged            |    55 |    82 |    97 |     4 ||   238

Table legend: (Time is in decaauts)
 A = Elapsed time spent in this place.
 B = Non-inter-level travel time spent in this place.
 C = Inter-level travel time spent in this place.
 D = Time resting spent in this place.
 E = Time spent auto-exploring this place.
 F = Levels seen in this place.
 G = Mean time per level.
                   A        B        C        D        E       F      G
               +--------+--------+--------+--------+--------+-----+--------+
         Total |   6307 |   5994 |    313 |    471 |   4302 |   9 |  700.8 |
       Dungeon |   6101 |   5788 |    313 |    451 |   4178 |   8 |  762.6 |
         Sewer |    206 |    206 |      0 |     20 |    124 |   1 |  206.0 |
               +--------+--------+--------+--------+--------+-----+--------+

Top non-repeatable levels by time:
     D:4: 1069 daAuts
     D:5: 959 daAuts
     D:6: 936 daAuts
     D:7: 808 daAuts
     D:2: 724 daAuts
     D:1: 590 daAuts
     D:8: 520 daAuts
     D:3: 493 daAuts
   Sewer: 206 daAuts
